 Dungeon Crawl Stone Soup version 0.20.0-10-g0535bb4 (webtiles) character file.

73 Jannitor the Grave Robber (level 4, -5/30 HPs)
             Began as a Demonspawn Necromancer on June 3, 2017.
             Slain by a worm (7 damage)
             ... on level 2 of the Dungeon.
             The game lasted 00:03:37 (2104 turns).

Jannitor the Grave Robber (Demonspawn Necromancer)  Turns: 2104, Time: 00:03:38

Health: -5/30      AC:  8    Str:  8    XL:     4   Next: 8%
Magic:  2/7        EV: 12    Int: 18    God:
Gold:   40         SH:  0    Dex: 13    Spells: 3/7 levels left

rFire    . . .     SeeInvis .   (no weapon)
rCold    . . .     Gourm    .   (no shield)
rNeg     . . .     Faith    .   a - +0 robe
rPois    .         Spirit   .   (no helmet)
rElec    .         Reflect  .   (no cloak)
rCorr    .         Harm     .   (no gloves)
MR       .....                  (no boots)
Stlth    ++........             (no amulet)
Regen    0.1/turn               (no ring)
MPRegen  0.1/turn               (no ring)

@: sanguine armour
A: talons 1, sanguine armour 1
a: no special abilities


You were on level 2 of the Dungeon.
You were not hungry.

You visited 1 branch of the dungeon, and saw 2 of its levels.

You collected 40 gold pieces.

Inventory:

Armour
 a - a +0 robe (worn)
Jewellery
 g - an uncursed ring of poison resistance {unknown}
 n - a +2 ring of intelligence {unknown}
Wands
 l - a wand of confusion (26/48)
Scrolls
 i - 2 scrolls of identify {unknown}
 o - a scroll of remove curse {unknown}
Potions
 d - a potion of mutation {unknown}
 e - a potion of invisibility {unknown}
 f - a potion of curing {unknown}
 h - 2 potions of agility {unknown}
 k - a potion of heal wounds {unknown}
 m - a potion of brilliance {unknown}
Books
 b - a book of Necromancy

   Spells                             Type                      Level
   a - Pain                           Necromancy                   1
   b - Animate Skeleton               Necromancy                   1
   c - Vampiric Draining              Necromancy                   3
   d - Regeneration                   Charms/Necromancy            3
   e - Animate Dead                   Necromancy                   4
   f - Control Undead                 Necromancy                   4
Comestibles
 c - a bread ration


   Skills:
 - Level 1.7 Dodging
 - Level 1.7 Stealth
 - Level 2.0 Spellcasting
 + Level 6.2 Necromancy


You had 3 spell levels left.
You knew the following spells:

 Your Spells              Type           Power        Failure   Level  Hunger
a - Pain                  Necr           ###.         1%          1    #......
b - Vampiric Draining     Necr           ###.......   4%          3    ###....


Dungeon Overview and Level Annotations

Branches:
Dungeon (2/15)

Altars:


Innate Abilities, Weirdness & Mutations

You have sharp toenails.
When seriously injured, your bleeding wounds create armour. (AC +6)


Message History

Casting: Pain
Confirm with . or Enter, or press ? or * to list all spells.
Aiming: Pain
Press: ? - help, Shift-Dir - straight line, f/p - worm
Aim: a worm (moderately wounded, chance to defeat MR: 88%)
The worm writhes in agony!
The worm bites you!
* * * LOW HITPOINT WARNING * * *
Casting: Pain
Confirm with . or Enter, or press ? or * to list all spells.
Aiming: Pain
Press: ? - help, Shift-Dir - straight line, f/p - worm
Aim: a worm (moderately wounded, chance to defeat MR: 88%)
The worm writhes in agony!
Casting: Pain
Confirm with . or Enter, or press ? or * to list all spells.
Aiming: Pain
Press: ? - help, Shift-Dir - straight line, f/p - worm
Aim: a worm (heavily wounded, chance to defeat MR: 88%)
The worm writhes in agony!
The worm bites you!
You die...

### ..# #.###########
#.##.$......#
########.##.....@w.#
..........†[.......(....
###...##.##........####.
###...##.###########
.....###.# ####.###.#
.........# ########
..##.##### #......#
(.##.# #......#


You could see a worm.

Vanquished Creatures
  3 adders (D:2)
  An ooze (D:1)
  A worm (D:2)
  2 dart slugs (D:1)
  2 bats (D:1)
  A giant cockroach (D:1)
  7 goblins (D:1)
  5 hobgoblins
  4 jackals (D:1)
  4 frilled lizards
  3 kobolds
  2 rats
35 creatures vanquished.

Notes
Turn   | Place    | Note
-------+----------+-------------------------------------------
     0 | D:1      | Jannitor the Demonspawn Necromancer began the quest for the Orb.
     0 | D:1      | Reached XP level 1. HP: 13/13 MP: 3/3
   302 | D:1      | Gained mutation: When seriously injured, your bleeding wounds create armour. (AC +6) [demonic ancestry]
   302 | D:1      | Reached XP level 2. HP: 14/19 MP: 1/5
   345 | D:1      | Reached skill level 5 in Necromancy
  1453 | D:1      | Reached XP level 3. HP: 24/24 MP: 4/6
  1904 | D:2      | Reached skill level 6 in Necromancy
  2008 | D:2      | Gained mutation: You have sharp toenails. [demonic ancestry]
  2008 | D:2      | Reached XP level 4. HP: 27/30 MP: 2/7
  2093 | D:2      | Learned a level 3 spell: Vampiric Draining
  2104 | D:2      | Slain by a worm

Skill      XL: |  1  2  3 |
---------------+----------+-----
Necromancy     | 5 6 |  6.2
Dodging        | |  1.7
Stealth        | |  1.7
Spellcasting   | |  2.0

Action                   |  1- 3 |  4- 6 || total
-------------------------+-------+-------++-------
Melee: Unarmed           |    45 |       ||    45
 Cast: Pain              |    60 |    10 ||    70
  Eat: Chunk             |     4 |     1 ||     5
Armor: Robe              |    22 |       ||    22
Dodge: Dodged            |    49 |       ||    49
